 Dungeon Crawl Stone Soup version 0.28-a0-1159-g27aa881441 (webtiles) character file.

Game seed: 4864659692826118866

54 fragbeetle the Insei (level 3, 0/26 HPs)
             Began as a Merfolk Transmuter on Dec 16, 2021.
             Succumbed to an adder's poison
             ... on level 2 of the Dungeon.
             The game lasted 00:02:59 (2417 turns).

fragbeetle the Insei (Merfolk Transmuter)           Turns: 2417, Time: 00:02:59

Health: 0/26       AC:  2    Str: 12    XL:     3   Next: 91%
Magic:  6/6        EV: 12    Int: 12    God:
Gold:   47         SH:  0    Dex: 14    Spells: 2/6 levels left

rFire   . . .      SeeInvis .     - Unarmed
rCold   . . .      Faith    .   (no shield)
rNeg    . . .      Spirit   .   a - +0 robe
rPois   .          Reflect  .   (helmet currently unavailable)
rElec   .          Harm     .   (no cloak)
rCorr   .          Rampage  .   (no gloves)
Will    .....                   (boots currently unavailable)
Stlth   +.........              (no amulet)
HPRegen 0.08/turn               (no ring)
MPRegen 0.10/turn               (no ring)

@: lethally poisoned (0 -> -8), appendages (expiring)
A: horns 2, (nimble swimmer 2), mertail
a: End Transformation


You were on level 2 of the Dungeon.
You had temporarily grown beastly horns.
You visited 1 branch of the dungeon, and saw 2 of its levels.

You collected 47 gold pieces.

Inventory:

Missiles
 c - 4 curare-tipped darts
 h - 54 stones
Armour
 a - a +0 robe (worn)
Magical Staves
 b - a staff of death
Scrolls
 d - a scroll of immolation {unknown}
 f - a scroll of summoning {unknown}
 g - a scroll of identify {unknown}


   Skills:
 - Level 1.1 Fighting
 - Level 2.6 Dodging
 + Level 4.2 Unarmed Combat
 - Level 2.0 Spellcasting
 + Level 4.1 Transmutations
 + Level 1.0 Poison Magic


You had 2 spell levels left.
You knew the following spells:

 Your Spells              Type           Power      Damage    Failure   Level
a - Beastly Appendage     Tmut           22%        N/A       4%          1
b - Spider Form           Tmut/Pois      7%         N/A       28%         3

Your spell library contained the following spells:

 Spells                   Type           Power      Damage    Failure   Level
 Wereblood                Tmut           11%        N/A       8%          2
 Magic Dart               Conj           4%         1d3       26%         1
 Call Imp                 Summ           1%         N/A       38%         2
 Mephitic Cloud           Conj/Pois/Air  2%         N/A       56%         3
 Ice Form                 Ice/Tmut       6%         N/A       75%         4


Dungeon Overview and Level Annotations

Branches:
Dungeon (2/15)

Altars:


Innate Abilities, Weirdness & Mutations

You have temporarily grown beastly horns.
((You are quick and stealthy near water. (Stealth+, EV+, Speed+++)))
Your lower body shifts to a powerful aquatic tail in water.


Message History

You barely miss the adder.
You feel sick. The ball python barely misses you.
The ball python closely misses you. The adder closely misses you.
You barely miss the adder.
You feel sick. The ball python barely misses you. The ball python grabs you.
The ball python constricts you. The adder bites you.
You hit the adder.
The adder is heavily wounded.
You feel sick. The ball python barely misses you.
The ball python constricts you. The adder bites you.
You are more poisoned.
The adder poisons you!
The ball python bites you but does no damage.
The ball python constricts you.
You completely miss the adder. Your headbutt misses the adder.
The adder is heavily wounded.
You feel sick. The adder closely misses you. The ball python barely misses you.
The ball python constricts you. The adder barely misses you.
You barely miss the adder.
The adder is heavily wounded.
You feel sick. The ball python closely misses you.
The ball python constricts you.
* * * LOW HITPOINT WARNING * * *
The adder barely misses you.
You escape the ball python's grasp.
* * * LOW HITPOINT WARNING * * *
You feel sick.
Your transformation is almost over.
You feel sick. The adder closely misses you.
You miss the adder.
The adder is heavily wounded.
You feel sick. The adder bites you.
* * * LOW HITPOINT WARNING * * *
You are lethally poisoned!
The adder poisons you!
You barely miss the adder. You headbutt the adder.
You kill the adder!
* * * LOW HITPOINT WARNING * * *
You feel sick.
Your Poison Magic skill increases to level 1!
It was a potion of magic.
Magic courses through your body.
You die...

#.# ##.. #≈≈ .# #.###... .#≈≈
.# ####....... ≈≈≈.≈. ##.#
#...<.#.... ≈≈.≈≈≈≈###..
#.......#..
≈≈≈≈≈......#####....).####
≈≈≈≈≈≈###.............# ##
≈.≈..!..#.#..........####.
........S@..........####..
#####.#########...#..)#... #
#......###..... #.##...#
##.... ###### ######.######
#####
##.†..####.#.##.##.#.####....
#.#.....###.##...##.###.....#
####.......#...8...#.......##
#.#.....#..#...#..#)....#.#


You could see a ball python.

Vanquished Creatures
  An adder (D:2)
  2 worms (D:2)
  A dart slug (D:2)
  An orc (D:2)
  6 ball pythons (D:1)
  3 endoplasms
  6 hobgoblins
  3 jackals (D:2)
  2 quokkas
  A bat (D:2)
  A frilled lizard (D:1)
  2 goblins (D:1)
  4 kobolds
  5 rats
38 creatures vanquished.

Notes
Turn   | Place    | Note
-------+----------+-------------------------------------------
     0 | D:1      | fragbeetle the Merfolk Transmuter began the quest for the
                  | Orb.
     0 | D:1      | Reached XP level 1. HP: 15/15 MP: 3/3
   449 | D:1      | Reached XP level 2. HP: 13/21 MP: 5/5
  1594 | D:2      | Reached XP level 3. HP: 18/26 MP: 6/6
  1601 | D:2      | Learned a level 3 spell: Spider Form
  2417 | D:2      | Reached skill level 1 in Poison Magic
  2417 | D:2      | Succumbed to an adder's poison

Illustrated notes

Levels and vault maps discovered:
D:1:      dpeg_arrival_lava_altar, layout_loops_ring, nrook_mini_backslash,
          minmay_quantized
D:2:      wad_crossroads, layout_rooms, ebering_ecumenical_altar_webs,
          serial_aquarium, aquarium_bridge_long_separate
          [aquarium_subvault_window, aquarium_subvault_window,
          aquarium_subvault_bridge, aquarium_subvault_balcony,
          aquarium_subvault_bridge, aquarium_subvault_bridge],
          aquarium_bridge_square [aquarium_subvault_window,
          aquarium_subvault_wall, aquarium_subvault_bridge,
          aquarium_subvault_wall], aquarium_window_1, aquarium_window_corner,
          aquarium_view_2b, aquarium_balcony_1a, chequers_serial_rivers_large_a,
          kennysheep_jessica_study

Skill      XL: |  1  2  3 |
---------------+----------+-----
Transmutations | 3 4 |  4.1
Unarmed Combat | 4 |  4.2
Poison Magic   | 1 |  1.0
Fighting       | |  1.1
Dodging        | |  2.6
Spellcasting   | |  2.0

Action                   || total
-------------------------++-------
Melee: Unarmed           ||   115
       Headbutt          ||    17
       Punch             ||     1
 Cast: Beastly Appendage ||    24
  Use: Potion            ||     1
 Stab: Sleeping          ||     4
Armor: Robe              ||    10
Dodge: Dodged            ||    73

Table legend: (Time is in decaauts)
 A = Elapsed time spent in this place.
 B = Non-inter-level travel time spent in this place.
 C = Inter-level travel time spent in this place.
 D = Time resting spent in this place.
 E = Time spent auto-exploring this place.
 F = Levels seen in this place.
 G = Mean time per level.
                   A        B        C        D        E       F      G
               +--------+--------+--------+--------+--------+-----+--------+
         Total |   2409 |   2368 |     41 |    766 |   1254 |   2 | 1204.5 |
       Dungeon |   2409 |   2368 |     41 |    766 |   1254 |   2 | 1204.5 |
               +--------+--------+--------+--------+--------+-----+--------+

Top non-repeatable levels by time:
     D:1: 1558 daAuts
     D:2: 851 daAuts
